 Dungeon Crawl Stone Soup version 0.18-a0-1560-ge216ca8 (webtiles) character file.

6034 mopl the Grappler (level 10, -19/88 HPs)
             Began as a Ghoul Monk on Mar 12, 2016.
             Was a Follower of Ru.
             Demolished by a hill giant
             ... wielding a +0 giant spiked club
              (29 damage)
             ... on level 10 of the Dungeon.
             The game lasted 00:18:33 (8792 turns).

mopl the Grappler (Ghoul Monk)                      Turns: 8792, Time: 00:18:33

Health: -19/88     AC:  3    Str: 16    XL:     10   Next: 86%
Magic:  9/9        EV: 15    Int:  7    God:    Ru [*.....]
Gold:   444        SH:  2    Dex: 14    Spells: 0 memorised, 9 levels left

rFire  . . .     SeeInvis +       - Unarmed
rCold  + . .     Gourm    .     D - +0 leather armour of the Forgotten Lives {rN+ Int+2}
rNeg   + + +     Faith    .     (no shield)
rPois  ∞         Spirit   .     w - +0 hat
rElec  .         Dismiss  .     (no cloak)
rCorr  .         Reflect  +     (no gloves)
SustAt .         Harm     .     (no boots)
MR     .....                    l - +2 amulet of reflection
Stlth  ++........               (no ring)
                                M - ring of see invisible

@: rotting, not resistant to hostile enchantments, unstealthy
A: rotting body, claws 1, carnivore 3, cold resistance 1, negative energy
resistance 3, slow regeneration 1, torment resistance, unbreathing, no charms
magic, no earth magic, no necromancy magic, disrupted magic 1
a: Renounce Religion


You were on level 10 of the Dungeon.
You worshipped Ru.
Ru was aware of your devotion.
You were not hungry.

You visited 2 branches of the dungeon, and saw 11 of its levels.

You collected 629 gold pieces.
You spent 185 gold pieces at shops.

Inventory:

Hand Weapons
 y - a +2 antimagic short sword
 A - a +0 antimagic dagger
Missiles
 o - 17 poisoned needles
 B - a throwing net (quivered)
 L - 7 tomahawks
Armour
 a - a +0 robe
 p - a +2 large shield
 w - a +0 hat (worn)
 C - a cursed -2 scale mail
 D - the +0 leather armour of the Forgotten Lives (worn) {rN+ Int+2}
   (You found it on level 5 of the Dungeon)

   It affects your intelligence (+2).
   It protects you from negative energy.
 G - a +0 plate armour
 I - a cursed +0 robe
Magical Staves
 Q - an uncursed staff of air
Jewellery
 l - a +2 amulet of reflection (around neck)
 M - a ring of see invisible (left claw)
 U - a +4 ring of strength
Wands
 m - a wand of digging (16/24)
 v - a wand of flame (21/48)
 F - a wand of random effects (24/48)
 R - a wand of confusion (4/48)
 S - a wand of paralysis (10/24)
 X - a wand of slowing (27/48)
Scrolls
 c - a scroll of noise {unknown}
 e - 2 scrolls of amnesia
 n - a scroll of teleportation
 q - 3 scrolls of fear
 r - a scroll of enchant weapon {unknown}
 s - 2 scrolls of recharging
 u - 2 scrolls of blinking {unknown}
 x - 2 scrolls of remove curse
 H - 4 scrolls of random uselessness {unknown}
 K - a scroll of vulnerability {unknown}
 O - a scroll of fog {unknown}
 P - 3 scrolls of immolation
 T - a scroll of acquirement {unknown}
 W - a scroll of enchant armour {unknown}
Potions
 d - 5 potions of curing
 f - 2 potions of brilliance
 h - 3 potions of magic
 i - a potion of haste
 j - a potion of flight
 z - 2 potions of cancellation
 E - 2 potions of might
 J - 2 potions of agility
Books
 k - a book of Transfigurations

   Spells                             Type                      Level
   a - Irradiate                      Conjuration/Transmutation    5
   b - Statue Form                    Transmutation/Earth          6
   c - Hydra Form                     Transmutation                6
   d - Dragon Form                    Transmutation                7
 N - a book of Cantrips

   Spells                             Type                      Level
   a - Corona                         Hexes                        1
   b - Animate Skeleton               Necromancy                   1
   c - Summon Small Mammal            Summoning                    1
   d - Apportation                    Translocation                1
Comestibles
 b - 2 meat rations
 g - 3 slices of pizza
 t - 2 beef jerkies
 V - 2 chunks of flesh


   Skills:
 + Level 8.2 Fighting
 + Level 6.9 Dodging
 - Level 2.1 Stealth
 * Level 14.0 Unarmed Combat


You had 9 spell levels left.
You didn't know any spells.

Dungeon Overview and Level Annotations

Branches:
Dungeon (10/15)            Temple (1/1) D:7            Lair (0/8) D:8
    Orc (0/2) D:9

Altars:
Ashenzari
Cheibriados
Dithmenos
Elyvilon
Fedhas
Gozag
Kikubaaqudgha
Makhleb
Nemelex Xobeh
Okawaru
Pakellas
Qazlal
Ru
Sif Muna
Trog
Vehumet
Xom
Yredelemnul
Zin
The Shining One

Shops:
D:10 *}


Innate Abilities, Weirdness & Mutations

Your body is rotting away.
You thrive on raw meat.
You are immune to poison.
You have sharp fingernails.
You are carnivorous and can eat meat at any time.
Your flesh is cold resistant.
You are immune to negative energy.
You regenerate slowly when monsters are visible.
You are immune to unholy pain and torment.
You can survive without breathing.
You cannot study or cast Charms magic.
You cannot study or cast Earth magic.
You cannot study or cast Necromancy magic.
Your casting is slightly disrupted.


Message History

The hill giant hits you with a giant spiked club!!!
You are too injured to fight recklessly!
You are too injured to fight recklessly!
You are too injured to fight recklessly!
You claw the hill giant! x2
The hill giant is heavily wounded.
You completely miss the hill giant.
The hill giant is heavily wounded.
The hill giant hits you with a giant spiked club!!
* * * LOW HITPOINT WARNING * * *
The crimson imp shouts, "Slither home, thou puking crook-pated flesh wound!"
You scratch the hill giant.
The hill giant is heavily wounded.
You claw the hill giant!
The hill giant is severely wounded.
The hill giant barely misses you.
You scratch the hill giant but do no damage.
The hill giant is severely wounded.
The hill giant hits you with a giant spiked club!!
You die...

##....§ .... ##......
..... ###......# .......
.........# .........
.........# .........
.........######.......
....................###.
.###......C.............
......##..5@.∩..........
......#.................
......#.................
###.................!...
##.....................
##......................
#......÷................
.......∩................
##......................


You could see a hill giant and a crimson imp.

Vanquished Creatures
  2 tengu warriors
  A cyclops (shapeshifter) (D:9)
  A komodo dragon (D:8)
  A freezing wraith (D:9)
  2 slime creatures
  A spriggan (D:7)
  2 wargs (D:9)
  A water moccasin (D:5)
  2 porcupines (D:8)
  A black bear (D:9)
  An orc warrior (D:9)
  2 ice beasts
  3 phantoms
  A wasp (D:9)
  2 eyes of draining (D:4)
  An ogre (D:9)
  A centaur (D:5)
  2 big kobolds (D:7)
  4 giant frogs
  A wyvern skeleton (D:7)
  2 scorpions
  2 howler monkeys
  5 crimson imps
  A centaur zombie (D:9)
  A quasit (D:9)
  A centaur skeleton (D:9)
  4 hounds
  3 jellies
  A giant frog skeleton (D:7)
  3 orc wizards
  5 iguanas
  4 worker ants
  A hound zombie (D:8)
  A howler monkey zombie (D:9)
  7 gnolls
  9 adders
  2 shadow imps
  2 oozes
  An adder zombie (D:7)
  An adder skeleton (D:8)
  A worm (D:2)
  6 giant geckos
  25 orcs
  4 ball pythons
  5 giant cockroaches
  9 goblins
  6 hobgoblins
  20 jackals
  16 kobolds
  4 quokkas
  4 bats
  7 giant newts
  A goblin skeleton (D:7)
  3 hobgoblin zombies (D:7)
  2 kobold skeletons (D:7)
  2 kobold zombies (D:7)
  2 orc skeletons (D:7)
  2 orc zombies (D:7)
  A quokka zombie (D:5)
  3 rats
211 creatures vanquished.

Notes
Turn   | Place    | Note
--------------------------------------------------------------
     0 | D:1      | mopl the Ghoul Monk began the quest for the Orb.
     0 | D:1      | Reached XP level 1. HP: 19/19 MP: 0/0
    83 | D:1      | Reached XP level 2. HP: 26/26 MP: 1/1
   262 | D:1      | Reached skill level 5 in Unarmed Combat
   527 | D:1      | Reached XP level 3. HP: 27/31 MP: 2/2
  1084 | D:2      | Reached skill level 6 in Unarmed Combat
  1084 | D:2      | Reached XP level 4. HP: 38/38 MP: 3/3
  1256 | D:2      | Found an iron altar of Okawaru.
  1795 | D:3      | Reached XP level 5. HP: 36/45 MP: 4/4
  1868 | D:3      | Found a glowing silver altar of Zin.
  1970 | D:3      | Reached skill level 7 in Unarmed Combat
  2375 | D:4      | Found a shattered altar of Ashenzari.
  2659 | D:4      | Reached XP level 6. HP: 38/51 MP: 5/5
  2748 | D:4      | Found a radiant altar of Vehumet.
  2749 | D:4      | Found a burning altar of Makhleb.
  2754 | D:4      | Reached skill level 8 in Unarmed Combat
  2908 | D:4      | Found a bloodstained altar of Trog.
  2908 | D:4      | Noticed an eye of draining
  2909 | D:4      | Noticed an eye of draining
  2936 | D:4      | Killed an eye of draining
  2949 | D:4      | Killed an eye of draining
  2949 | D:4      | Reached XP level 7. HP: 57/57 MP: 0/6
  3021 | D:5      | Entered Level 5 of the Dungeon
  3052 | D:5      | Reached skill level 9 in Unarmed Combat
  3135 | D:5      | Got a jewelled leather armour
  3146 | D:5      | Identified the cursed +0 leather armour of the Forgotten Lives {rN+ Int+2} (You found it on level 5 of the Dungeon)
  3235 | D:5      | Found a blossoming altar of Fedhas.
  3443 | D:5      | Reached skill level 10 in Unarmed Combat
  4138 | D:6      | Found a shadowy altar of Dithmenos.
  4140 | D:6      | Found a shimmering altar of Xom.
  4142 | D:6      | Found a shattered altar of Ashenzari.
  4145 | D:6      | Found a white marble altar of Elyvilon.
  4438 | D:7      | Reached XP level 8. HP: 64/64 MP: 7/7
  4495 | D:6      | Found a blossoming altar of Fedhas.
  4508 | D:7      | Found a sparkling altar of Nemelex Xobeh.
  4512 | D:7      | Found a staircase to the Ecumenical Temple.
  4527 | Temple   | Entered the Ecumenical Temple
  4535 | Temple   | Became a worshipper of Ru the Awakened
  4542 | Temple   | Gained mutation: You cannot study or cast Earth magic. [Ru sacrifice]
  4542 | Temple   | Gained mutation: You cannot study or cast Necromancy magic. [Ru sacrifice]
  4542 | Temple   | Gained mutation: You cannot study or cast Charms magic. [Ru sacrifice]
  4542 | Temple   | Reached * piety under Ru
  4574 | D:7      | Reached skill level 3 in Dodging
  4594 | D:7      | Reached skill level 4 in Fighting
  4798 | D:7      | Reached skill level 11 in Unarmed Combat
  4807 | D:7      | Found an opulent altar of Gozag.
  4874 | D:7      | Found a glowing golden altar of the Shining One.
  5035 | D:7      | Reached skill level 5 in Fighting
  5035 | D:7      | Reached skill level 4 in Dodging
  5108 | D:7      | Reached XP level 9. HP: 14/74 MP: 8/8
  5857 | D:8      | Noticed a tengu warrior
  5861 | D:8      | Noticed a tengu warrior
  6012 | D:9      | Found a staircase to the Orcish Mines.
  6348 | D:9      | Reached skill level 12 in Unarmed Combat
  6391 | D:8      | Noticed a komodo dragon
  6403 | D:9      | Killed a tengu warrior
  6403 | D:9      | Reached skill level 6 in Fighting
  6403 | D:9      | Reached skill level 5 in Dodging
  6472 | D:9      | Found a stormy altar of Qazlal.
  6565 | D:8      | Found a staircase to the Lair.
  6609 | D:8      | HP: 2/77 [komodo dragon (7)]
  6610 | D:8      | Killed a komodo dragon
  6974 | D:8      | Reached XP level 10. HP: 54/83 MP: 9/9
  7010 | D:8      | Gained mutation: Your casting is slightly disrupted. [Ru sacrifice]
  7080 | D:8      | Killed a tengu warrior
  7080 | D:8      | Reached skill level 7 in Fighting
  7080 | D:8      | Reached skill level 6 in Dodging
  7080 | D:8      | Reached skill level 13 in Unarmed Combat
  7937 | D:9      | Noticed a cyclops
  7937 | D:9      | a komodo dragon changed into a cyclops
  7948 | D:9      | Killed a cyclops
  7976 | D:9      | HP: 3/88 [freezing wraith (5)]
  7977 | D:9      | HP: 1/88 [freezing wraith (2)]
  8378 | D:9      | Found a shimmering altar of Xom.
  8385 | D:9      | Reached skill level 8 in Fighting
  8583 | D:10     | Entered Level 10 of the Dungeon
  8682 | D:10     | Reached skill level 14 in Unarmed Combat
  8738 | D:10     | Found Giablep's Gadget Boutique.
  8739 | D:10     | Found Uthot Nesarr's Assorted Antiques.
  8766 | D:10     | Bought a scroll labeled JEABRA VOIXOI for 37 gold pieces
  8766 | D:10     | Bought a bone wand for 148 gold pieces
  8782 | D:10     | Noticed a hill giant
  8792 | D:10     | Demolished by a hill giant

Vault maps used:
D:1:      scummos_arrival_simple_fountains, minmay_cupped
D:2:      serial_park_tiny_2, minivault_5, okawaru_altar_gauntlet_db
D:3:      zin_statuary
D:4:      grunt_temple_overflow_lords_of_destruction, trog_eyes_of_draining,
          first_bread, nicolae_ashenzari_panopticon
D:5:      old_standard_altar, grunt_decor_fettered
D:6:      lemuel_upstairs_altar, minitemple, st_stairs_12
D:7:      hangedman_cross_stitches, nicolae_tso_besieged_by_evil,
          nemelex_xobeh_ov_fountains_minmay, kennysheep_little_box,
          temple_statues, the_bakery, grunt_ministairs_6
D:8:      dpeg_lair_monsters
D:9:      grunt_qazlal_sundering, minmay_orc_entry_guard_dogs, basic_altar,
          kb_rosetta
D:10:     serial_shops, shop, shop, kennysheep_mini, minmay_misc_feat_room
Temple:   nicolae_temple_no_exploring_needed

Skill      XL: |  1  2  3  4  5  6  7  8  9 10 |
---------------+-------------------------------+-----
Unarmed Combat | 5 6 7 8 10 11 12 14 | 14.0
Dodging        | 4 5 6 |  6.9
Fighting       | 5 6 8 |  8.2
Stealth        | |  2.1

Action                   |  1- 3 |  4- 6 |  7- 9 | 10-12 || total
-------------------------+-------+-------+-------+-------++-------
Melee: Unarmed           |   111 |   132 |   378 |   163 ||   784
Invok: Sacrifice Arcana  |       |       |     1 |       ||     1
       Sacrifice Essence |       |       |       |     1 ||     1
Evoke: Wand              |       |       |     7 |     6 ||    13
  Use: Scroll            |       |     5 |     3 |     8 ||    16
       Potion            |       |       |       |     1 ||     1
 Stab: Sleeping          |     6 |     2 |     1 |     1 ||    10
       Paralysed         |       |       |     3 |       ||     3
       Confused          |       |       |       |     3 ||     3
  Eat: Chunk             |    21 |    13 |    48 |    19 ||   101
